 Dungeon Crawl Stone Soup version 0.17.0-28-g6e173f8 (console) character file.

2503 Kloppie the Frost Mage (level 9, -5/71 HPs)
             Began as a Pale Draconian Ice Elementalist on Dec 3, 2015.
             Slain by Prince Ribbit (10 damage)
             ... on level 7 of the Dungeon.
             The game lasted 00:18:18 (8860 turns).

Kloppie the Frost Mage (DrIE)                       Turns: 8860, Time: 00:18:18

Health: -5/71      AC: 15    Str: 10      XL:     9   Next: 28%
Magic:  11/15      EV: 12    Int: 19      God:
Gold:   289        SH:  0    Dex: 10 (12) Spells: 4 memorised, 4 levels left

rFire  . . .     SeeInvis .     y - +1 whip (freeze)
rCold  . . .     Clarity  .     (armour unavailable)
rNeg   . . .     SustAt   .     (no shield)
rPois  .         Gourm    .     (helmet restricted)
rElec  .         Spirit   .     r - +0 cloak
rCorr  .         Warding  .     s - +0 pair of gloves
rMut   .         Stasis   .     (no boots)
MR     .....                    (no amulet)
Stlth  ++........               (no ring)
                                (no ring)

@: icy armour, not resistant to hostile enchantments, unstealthy
A: breathe steam, unfitting armour, cold-blooded, AC +7
a: Breathe Steam


You were on level 7 of the Dungeon.
You were not hungry.

You visited 1 branch of the dungeon, and saw 7 of its levels.

You collected 289 gold pieces.

Inventory:

Hand Weapons
 l - a +0 flail
 y - a +1 whip of freezing (weapon)
Armour
 r - a +0 cloak (worn)
 s - a +0 pair of gloves (worn)
 t - a +0 buckler
Jewellery
 H - an uncursed ring of ice {unknown}
Wands
 i - a wand of enslavement (14)
 v - a wand of slowing (23)
 w - a wand of digging (11)
 z - a wand of cold (5)
 B - a wand of confusion (10)
 C - a wand of slowing (18)
 F - a wand of polymorph (11)
Scrolls
 d - 6 scrolls of teleportation {unknown}
 f - a scroll of magic mapping {unknown}
 h - 2 scrolls of remove curse {unknown}
 k - 3 scrolls of enchant weapon {unknown}
 m - 10 scrolls of identify {unknown}
 n - 2 scrolls of immolation {unknown}
 o - 2 scrolls of enchant armour {unknown}
 p - a scroll of amnesia {unknown}
 A - 2 scrolls of fog {unknown}
 G - a scroll of torment {unknown}
 K - a scroll of recharging {unknown}
Potions
 c - 2 potions of mutation {unknown}
 e - 3 potions of cure mutation {unknown}
 g - 3 potions of might {unknown}
 q - a potion of degeneration {unknown}
 u - 2 potions of agility {unknown}
 x - a potion of haste {unknown}
 D - a potion of curing {unknown}
 E - 2 potions of invisibility
 I - 2 potions of heal wounds {unknown}
Books
 a - a book of Frost

   Spells                             Type                      Level
   a - Freeze                         Ice                          1
   b - Throw Frost                    Conjuration/Ice              2
   c - Ozocubu's Armour               Charms/Ice                   3
   d - Throw Icicle                   Conjuration/Ice              4
   e - Summon Ice Beast               Ice/Summoning                4
   f - Condensation Shield            Ice                          4
Comestibles
 b - 5 bread rations
 j - 4 meat rations
 J - a slice of pizza
 L - a beef jerky
 M - 2 chunks of flesh


   Skills:
 + Level 4.1 Fighting
 - Level 1.7 Dodging
 - Level 1.7 Stealth
 - Level 4.0 Spellcasting
 - Level 4.2 Conjurations
 - Level 5.0 Summonings
 + Level 9.6 Ice Magic


You had 4 spell levels left.
You knew the following spells:

 Your Spells              Type           Power        Failure   Level  Hunger
a - Freeze                Ice            ####         1%          1    None
b - Ozocubu's Armour      Chrm/Ice       ###.....     8%          3    ###....
c - Throw Icicle          Conj/Ice       ####....     12%         4    ####...
d - Summon Ice Beast      Ice/Summ       ####....     10%         4    ####...


Dungeon Overview and Level Annotations

Branches:
Dungeon (7/15)
 Temple: D:4-7

Altars:
Elyvilon
Okawaru
Xom
Yredelemnul
Zin
The Shining One

Annotations:
D:7 Prince Ribbit


Innate Abilities, Weirdness & Mutations

You can breathe blasts of scalding, opaque steam.
Your pale cyan-grey scales are hard (AC +7).
Your body does not fit into most forms of armour.
You are cold-blooded and may be slowed by cold attacks.


Message History

* * * LOW HITPOINT WARNING * * *
The wyvern barely misses you.
You are too injured to fight recklessly!
You are too injured to fight recklessly!
Casting: Freeze
Confirm with . or Enter, or press ? or * to list all spells.
Aiming: Freeze
Press: ? - help, Shift-Dir - straight line, f - wyvern
Aim: a wyvern (moderately wounded)
You freeze the wyvern.
The wyvern is heavily wounded.
Prince Ribbit barely misses you. The wyvern bites you!
* * * LOW HITPOINT WARNING * * *
Prince Ribbit misses you.
Casting: Freeze
Confirm with . or Enter, or press ? or * to list all spells.
A film of ice covers your body! The wyvern bites you.
* * * LOW HITPOINT WARNING * * *
Prince Ribbit hits you!
You die...

#.# #.# ##.+ ..
..# ... ..####
##.. #....
###...# #l.#
##.....###@#
##......>..F#
##...........##
..............##
..........)....##
................#
..............).#
#####.........##
#.........#


You could see Prince Ribbit and a wyvern.

Vanquished Creatures
  Pikel (D:4)
  A gargoyle (D:7)
  Sigmund (D:2)
  Duvessa (D:4)
  A phantom (D:6)
  A centaur (D:7)
  A sky beast (D:5)
  2 ogres (D:6)
  A giant frog (D:4)
  2 scorpions
  Dowan (D:4)
  A quasit (D:7)
  2 crimson imps (D:5)
  A centaur zombie (D:6)
  3 hounds
  An orc wizard (D:3)
  2 iguanas
  A jelly (D:5)
  2 orc priests
  8 worker ants
  6 gnolls
  10 adders
  A shadow imp (D:6)
  An ooze (D:1)
  An adder skeleton (D:4)
  3 worms
  9 giant geckos
  10 orcs
  7 giant cockroaches
  8 goblins
  9 hobgoblins
  10 jackals
  4 ball pythons
  9 bats
  A giant newt (D:1)
  2 goblin skeletons (D:7)
  A goblin zombie (D:7)
  2 hobgoblin zombies (D:7)
  A jackal zombie (D:5)
  4 kobolds
  A kobold skeleton (D:7)
  A kobold zombie (D:7)
  An orc skeleton (D:7)
  A quokka (D:6)
  A quokka skeleton (D:5)
  A quokka zombie (D:5)
  9 rats
148 creatures vanquished.

Notes
Turn   | Place    | Note
--------------------------------------------------------------
     0 | D:1      | Kloppie the Draconian Ice Elementalist began the quest for the Orb.
     0 | D:1      | Reached XP level 1. HP: 14/14 MP: 3/3
   198 | D:1      | Reached XP level 2. HP: 10/20 MP: 1/5
  1088 | D:1      | Reached XP level 3. HP: 26/26 MP: 6/6
  1449 | D:2      | Reached skill level 4 in Ice Magic
  1791 | D:2      | Reached XP level 4. HP: 5/33 MP: 0/8
  2153 | D:2      | Noticed Sigmund
  2288 | D:2      | Found a basalt altar of Yredelemnul.
  2463 | D:3      | Learned a level 3 spell: Ozocubu's Armour
  2468 | D:3      | Learned a level 4 spell: Throw Icicle
  2585 | D:3      | Reached XP level 5. HP: 33/38 MP: 3/10
  2802 | D:3      | Reached skill level 5 in Ice Magic
  2855 | D:3      | Learned a level 4 spell: Summon Ice Beast
  3098 | D:3      | Reached skill level 1 in Summonings
  3630 | D:4      | Reached XP level 6. HP: 45/45 MP: 6/12
  3631 | D:4      | Noticed a slave
  3716 | D:4      | Noticed Dowan
  3901 | D:4      | Killed Dowan
  4164 | D:4      | Noticed Duvessa
  4420 | D:4      | Killed Duvessa
  4420 | D:4      | Reached skill level 6 in Ice Magic
  4504 | D:4      | Your scales start taking on a pale cyan-grey colour.
  4504 | D:4      | Reached XP level 7. HP: 48/50 MP: 10/13
  4836 | D:4      | Noticed a slave
  4837 | D:4      | Noticed a slave
  4840 | D:4      | Noticed Pikel
  4840 | D:4      | Noticed a slave
  4865 | D:4      | Killed Pikel
  4865 | D:4      | Reached skill level 7 in Ice Magic
  4865 | D:4      | Reached XP level 8. HP: 35/57 MP: 1/14
  5065 | D:4      | Reached skill level 5 in Summonings
  5206 | D:5      | Entered Level 5 of the Dungeon
  5529 | D:5      | Found a white marble altar of Elyvilon.
  5532 | D:5      | Found a glowing silver altar of Zin.
  5532 | D:5      | Found an iron altar of Okawaru.
  5630 | D:5      | Found a shimmering altar of Xom.
  6102 | D:2      | Noticed a hippogriff
  6248 | D:2      | Killed Sigmund
  6248 | D:2      | Reached skill level 8 in Ice Magic
  7532 | D:6      | Reached skill level 1 in Fighting
  7971 | D:6      | Reached skill level 9 in Ice Magic
  8046 | D:6      | Reached XP level 9. HP: 24/68 MP: 12/15
  8519 | D:7      | Found a white marble altar of Elyvilon.
  8695 | D:7      | Found a glowing golden altar of the Shining One.
  8799 | D:7      | Noticed a gargoyle
  8808 | D:7      | Killed a gargoyle
  8854 | D:7      | Noticed Prince Ribbit
  8860 | D:7      | Slain by Prince Ribbit

Action                   |  1- 3 |  4- 6 |  7- 9 || total
-------------------------+-------+-------+-------++-------
Melee: Unarmed           |    12 |       |       ||    12
       Dagger            |    16 |       |       ||    16
       Spear             |    40 |       |       ||    40
       Flail             |       |    80 |    48 ||   128
       Whip              |       |       |   243 ||   243
 Cast: Freeze            |    27 |    64 |    97 ||   188
       Ozocubu's Armour  |       |       |     8 ||     8
       Summon Ice Beast  |       |       |     1 ||     1
 Abil: Breathe Steam     |       |       |     1 ||     1
 Stab: Sleeping          |     2 |     2 |     4 ||     8
  Eat: Chunk             |     2 |    10 |    13 ||    25
       Beef jerky        |       |       |     1 ||     1
